 Dungeon Crawl Stone Soup version 0.28.0-1-gb440e238dd (webtiles) character file.

Game seed: 4597205319515431955

126 hitsuchi the Covert (level 5, -2/34 HPs)
             Began as an Octopode Brigand on Feb 19, 2022.
             Was a Believer of Cheibriados.
             Slain by a gnoll (6 damage)
             ... on level 3 of the Dungeon.
             The game lasted 00:03:48 (2994 turns).

hitsuchi the Covert (Octopode Brigand)              Turns: 2994, Time: 00:03:49

Health: -2/34      AC:  1    Str: 15    XL:     5   Next: 10%
Magic:  4/5        EV: 13    Int: 20    God:    Cheibriados [**....]
Gold:   78         SH:  0    Dex: 19    Spells: 4/4 levels left

rFire   . . .      SeeInvis .   a - +2 dagger (pain)
rCold   . . .      Faith    .   (no shield)
rNeg    . . .      Spirit   .   (helmet restricted)
rPois   .          Reflect  .   (no amulet)
rElec   .          Harm     .   (no ring)
rCorr   .          Rampage  .   (no ring)
Will    .....                   (no ring)
Stlth   +++++.....              (no ring)
HPRegen 0.11/turn               (no ring)
MPRegen 0.09/turn               (no ring)
                                (no ring)
                                (no ring)

@: very slow
A: almost no armour, amphibious, 8 rings, camouflage 1, gelatinous body 1,
(nimble swimmer 1), tentacles
a: Renounce Religion, Bend Time


You were on level 3 of the Dungeon.
You worshipped Cheibriados.
Cheibriados was pleased with you.
You visited 1 branch of the dungeon, and saw 3 of its levels.

You collected 78 gold pieces.

Inventory:

Hand Weapons
 a - a +2 dagger of pain (weapon)
Missiles
 b - 13 poisoned darts (quivered)
 c - 2 curare-tipped darts
Wands
 k - a wand of flame (15)
Scrolls
 f - a scroll of immolation
 g - a scroll of fog {unknown}
 h - a scroll of noise {unknown}
 j - 2 scrolls of identify
 l - a scroll of brand weapon {unknown}
Potions
 e - a potion of resistance
 i - a potion of brilliance


   Skills:
 - Level 2.0 Fighting
 - Level 2.0 Short Blades
 - Level 2.0 Throwing
 - Level 1.0 Dodging
 + Level 8.7 Stealth


You had 4 spell levels left.
You didn't know any spells.
Your spell library contained the following spells:

 Spells                   Type           Power      Damage    Failure   Level
 Gell's Gravitas          Tloc           0%         N/A       50%         3
 Teleport Other           Tloc           0%         N/A       50%         3
 Blade Hands              Tmut           0%         N/A       99%         5
 Irradiate                Conj/Tmut      0%         3d13      99%         5
 Dispersal                Tloc           0%         N/A       100%        6
 Dragon Form              Tmut           0%         N/A       100%        7


Dungeon Overview and Level Annotations

Branches:
Dungeon (3/15)

Altars:
Cheibriados


Innate Abilities, Weirdness & Mutations

You cannot wear most types of armour.
You are amphibious.
You can wear up to eight rings at the same time.
Your skin changes colour to match your surroundings (Stealth+).
Your rubbery body absorbs attacks. (AC +1, EV +1)
((You are camouflaged when in or above water. (Stealth+)))
You have tentacles for arms and can constrict up to eight enemies at once.


Message History

The gnoll hits you with a +0 whip.
* * * LOW HITPOINT WARNING * * *
The gnoll hits you from afar with a +0 vorpal spear.
* * * LOW HITPOINT WARNING * * *
x2 You feel better.
The gnoll closely misses you. x2
Okay, then.
Okay, then.
The flow of time bends around you.
Cheibriados rebukes the gnoll.
The gnoll seems to slow down.
The gnoll hits you from afar with a +0 vorpal spear!
* * * LOW HITPOINT WARNING * * *
x2 The gnoll closely misses you.
Unknown command.
Press: ? - help, v - describe, . - travel
Here: a gnoll, wielding a +0 whip (severely wounded, slow)
The floor, spattered with blood.
Okay, then.
As you read the scroll labelled IXAETH HYSURE, it crumbles to dust.
The creatures around you are filled with an inner flame!
It was a scroll of immolation.
Throw: 14 darts (poison)
Press: ? - help, Q - select action, (/) - cycle Shift-Dir - straight line, f - gnoll
Aim: a gnoll, wielding a +0 whip (severely wounded, inner flame, slow, 66% to hit)
Okay, then.
Unknown command.
Aiming: Throw Flame
Press: ? - help, Shift-Dir - straight line, f - gnoll
Aim: a gnoll, wielding a +0 whip (severely wounded, inner flame, slow, 72% to hit)
The puff of flame misses the gnoll.
Unknown command.
The gnoll is no longer moving slowly.
Throw: 14 darts (poison)
Press: ? - help, Q - select action, (/) - cycle Shift-Dir - straight line, f/p - gnoll
Aim: a gnoll, wielding a +0 whip (severely wounded, inner flame, 66% to hit)
You throw a poisoned dart.
The poisoned dart closely misses the gnoll.
Unknown command.
The gnoll hits you with a +0 whip.
You die...

...[... ..# #..#
###.######.#####..##
...................#
.........#.#####.###
###.##.#.#.# #.# #
#.##.#.#.#####.#
###..............#
.รท...#.#.#.#####.#
###.[#.#.#.# #@# #
#........# #g# #
#..#.#.#.# #g#
###..#.#.#.# #(#
...........# #g#
.....#.#.### #g#
####.#.#.#######.###
...........ggg.....#
####.#.#########.###


You could see 4 gnolls.

Vanquished Creatures
  An orc priest (D:3)
  A gnoll (D:2)
  4 adders
  2 dart slugs
  3 orcs
  4 endoplasms
  A giant cockroach (D:2)
  3 goblins
  3 hobgoblins
  2 quokkas
  5 ball pythons
  5 bats
  3 frilled lizards
  6 kobolds
  5 rats
48 creatures vanquished.

Notes
Turn   | Place    | Note
-------+----------+-------------------------------------------
     0 | D:1      | hitsuchi the Octopode Brigand began the quest for the Orb.
     0 | D:1      | Reached XP level 1. HP: 14/14 MP: 1/1
   175 | D:1      | Reached XP level 2. HP: 19/19 MP: 2/2
   202 | D:1      | Found a faded altar of an unknown god.
   209 | D:1      | Reached skill level 6 in Stealth
   211 | D:1      | Prayed at the altar of an unknown god.
   211 | D:1      | Became a worshipper of Cheibriados the Contemplative
   211 | D:1      | Reached * piety under Cheibriados
   889 | D:2      | Reached XP level 3. HP: 24/24 MP: 3/3
  1229 | D:2      | Reached skill level 7 in Stealth
  1547 | D:2      | Reached ** piety under Cheibriados
  1938 | D:3      | Reached skill level 8 in Stealth
  1938 | D:3      | Reached XP level 4. HP: 20/29 MP: 4/4
  2697 | D:2      | Reached XP level 5. HP: 24/34 MP: 5/5
  2979 | D:3      | HP: 1/34 [gnoll (1)]
  2994 | D:3      | Slain by a gnoll

Illustrated notes

Levels and vault maps discovered:
D:1:      minmay_arrival_split_and_join, layout_loops_cross,
          hellmonk_ecumenical_altar_slurped_away, serial_park_tiny_1,
          moated_statue
D:2:      layout_basic, minmay_door_square
D:3:      layout_basic, serial_shops, shop, gammafunk_ghost_necromancy

Skill      XL: |  1  2  3 |
---------------+----------+-----
Stealth        | 6 8 |  8.7
Fighting       | |  2.0
Short Blades   | |  2.0
Throwing       | |  2.0
Dodging        | |  1.0

Action                   |  1- 3 |  4- 6 || total
-------------------------+-------+-------++-------
Melee: Dagger            |    62 |    30 ||    92
       Constrict         |    14 |    11 ||    25
       Tentacles         |    10 |     5 ||    15
       Punch             |     2 |     1 ||     3
Throw: Dart              |     1 |     1 ||     2
Invok: Bend Time         |       |     1 ||     1
Evoke: Wand              |       |     1 ||     1
  Use: Scroll            |     3 |     1 ||     4
       Potion            |       |     1 ||     1
 Stab: Sleeping          |    13 |     1 ||    14
Armor: Skin              |     2 |     2 ||     4
Dodge: Dodged            |    24 |    28 ||    52
